PUBRL
GRAY SUMMIT IMPACT @ HALIFAX EXPLOSIONS
04/11/1972
 
TOP OF THE 1ST
Gray Summit Impact batting - Pitching for Halifax Explosions : RHP Wiley Thomas
Pitching: RHP Wiley Thomas
Batting: RHB David Steele 0-0: Ball
1-0: Foul Ball, location: 9LSF
1-1: Ball
2-1: Ball
3-1: Swinging Strike
3-2: Fly out, F6 (Popup, 6, EV 73.1 MPH)
Batting: RHB Daniel Butler 0-0: Ball
1-0: Foul Ball, location: 2F
1-1: Ball
2-1: Swinging Strike
2-2: Fly out, F8 (Flyball, 8RM, EV 93.8 MPH)
Batting: LHB Chance Moore 0-0: Ball
1-0: Called Strike
1-1: Foul Ball, location: 23F
1-2: Ball
2-2: Ground out U3 (Groundball, 34, EV 96.3 MPH)
Top of the 1st over - 0 runs, 0 hits, 0 errors, 0 left on base; Gray Summit 0 - Halifax 0
BOTTOM OF THE 1ST
Halifax Explosions batting - Pitching for Gray Summit Impact : RHP Don Stanhouse
Pitching: RHP Don Stanhouse
Batting: RHB Luis Melendez 0-0: Swinging Strike
0-1: Called Strike
0-2: Ball
1-2: Strikes out swinging
Batting: RHB Tim Foli 0-0: Ground out 6-3 (Groundball, 6S, EV 93.1 MPH)
Batting: SHB Dan Camp 0-0: Ball
1-0: Foul Ball, location: 5SF
1-1: Foul Ball, location: 2F
1-2: Ball
2-2: Ball
3-2: SOLO HOME RUN (Flyball, 9D, EV 98.8 MPH), Distance : 364 ft
Batting: RHB Edison Barton 0-0: Reached on error, E6 (Groundball, 6, EV 81.9 MPH)
Batting: SHB Vicente Vélez 0-0: Fly out, F7 (Flyball, 7, EV 88.1 MPH)
Bottom of the 1st over - 1 run, 1 hit, 1 error, 1 left on base; Gray Summit 0 - Halifax 1
TOP OF THE 2ND
Gray Summit Impact batting - Pitching for Halifax Explosions : RHP Wiley Thomas
Batting: RHB Walt Cote 0-0: Foul Ball, location: 2F
0-1: Ball
1-1: Foul Ball, location: 9LSF
1-2: Ball
2-2: Ball
3-2: Foul Ball, location: 9LDF
3-2: Base on Balls
Batting: SHB William Johnston 0-0: Ball
1-0: Called Strike
1-1: Ball
2-1: Ball
3-1: Swinging Strike
3-2: Foul Ball, location: 23F
3-2: SINGLE (Groundball, 4MD, EV 104.4 MPH)
Walt Cote to second
Runner from 2nd tries for 3rd, SAFE, throw by CF made to third
Batting: RHB José Núñez 0-0: Ball
1-0: Foul Ball, location: 9LDF
1-1: Ball
2-1: Ball
3-1: Grounds into double play, 4-6-3 (Groundball, 34, EV 106.3 MPH)
Batting: RHB Terry Humphrey 0-0: Ball
1-0: Ball
2-0: Called Strike
2-1: Foul Ball, location: 9LMF
2-2: Ground out 4-3 (Groundball, 4MD, EV 105.6 MPH)
Top of the 2nd over - 0 runs, 1 hit, 0 errors, 1 left on base; Gray Summit 0 - Halifax 1
BOTTOM OF THE 2ND
Halifax Explosions batting - Pitching for Gray Summit Impact : RHP Don Stanhouse
Batting: RHB Tim McGuire 0-0: Swinging Strike
0-1: Swinging Strike
0-2: Ball
1-2: Strikes out looking
Batting: RHB Larvell Blanks 0-0: Ball
1-0: SINGLE (Line Drive, 4M, EV 98.1 MPH)
Batting: LHB Joe Nolan 0-0: Swinging Strike
0-1: Ball
1-1: Fly out, F8 (Line Drive, 8RM, EV 106.9 MPH)
Batting: RHB Edolf de Vlaming 0-0: Foul Ball, location: 2F
0-1: Ball
1-1: Fly out, F7 (Line Drive, 7, EV 85.0 MPH)
Bottom of the 2nd over - 0 runs, 1 hit, 0 errors, 1 left on base; Gray Summit 0 - Halifax 1
TOP OF THE 3RD
Gray Summit Impact batting - Pitching for Halifax Explosions : RHP Wiley Thomas
Batting: LHB Gary Thomasson 0-0: Called Strike
0-1: Fly out, F5 (Popup, 5, EV 79.4 MPH)
Batting: RHB Juan Ramírez 0-0: Ball
1-0: Swinging Strike
1-1: Ball
2-1: Ground out 6-3 (Groundball, 6, EV 82.5 MPH)
Batting: RHB David Steele 0-0: Called Strike
0-1: Foul Ball, location: 9LDF
0-2: Strikes out swinging
Top of the 3rd over - 0 runs, 0 hits, 0 errors, 0 left on base; Gray Summit 0 - Halifax 1
BOTTOM OF THE 3RD
Halifax Explosions batting - Pitching for Gray Summit Impact : RHP Don Stanhouse
Batting: RHB Luis Melendez 0-0: Fly out, F7 (Flyball, 78S, EV 89.4 MPH)
Batting: RHB Tim Foli 0-0: Foul Ball, location: 2F
0-1: Ball
1-1: Ball
2-1: DOUBLE (Flyball, 8LD, EV 91.3 MPH)
Batting: SHB Dan Camp 0-0: Ball
1-0: Fly out, F9 (Flyball, 9D, EV 108.1 MPH)
Runner from 2nd tags up, SAFE at 3rd, no throw by RF
Batting: RHB Edison Barton 0-0: Swinging Strike
0-1: Ball
1-1: Foul Ball, location: 5DF
1-2: Ball
2-2: Foul Ball, location: 2F
2-2: Strikes out swinging
Bottom of the 3rd over - 0 runs, 1 hit, 0 errors, 1 left on base; Gray Summit 0 - Halifax 1
TOP OF THE 4TH
Gray Summit Impact batting - Pitching for Halifax Explosions : RHP Wiley Thomas
Batting: RHB Daniel Butler 0-0: Ball
1-0: Ball
2-0: Bunt for hit to 5S - play at first, batter OUT! 5-3
Batting: LHB Chance Moore 0-0: Called Strike
0-1: Ball
1-1: Foul Ball, location: 7LSF
1-2: Strikes out looking
Batting: RHB Walt Cote 0-0: Swinging Strike
0-1: Ground out 4-3 (Groundball, 4, EV 100.6 MPH)
Top of the 4th over - 0 runs, 0 hits, 0 errors, 0 left on base; Gray Summit 0 - Halifax 1
BOTTOM OF THE 4TH
Halifax Explosions batting - Pitching for Gray Summit Impact : RHP Don Stanhouse
Batting: SHB Vicente Vélez 0-0: Called Strike
0-1: Ball
1-1: Foul Ball, location: 7LSF
1-2: Ball
2-2: Ball
3-2: Fly out, F7 (Flyball, 78XD, EV 106.3 MPH)
Batting: RHB Tim McGuire 0-0: Ball
1-0: Ball
2-0: Ground out 6-3 (Groundball, 56, EV 82.5 MPH)
Batting: RHB Larvell Blanks 0-0: Called Strike
0-1: Called Strike
0-2: Ball
1-2: Ground out 5-3 (Groundball, 56, EV 86.3 MPH)
Bottom of the 4th over - 0 runs, 0 hits, 0 errors, 0 left on base; Gray Summit 0 - Halifax 1
TOP OF THE 5TH
Gray Summit Impact batting - Pitching for Halifax Explosions : RHP Wiley Thomas
DELAY Rain delay of 15 minutes in the 5th inning.
Batting: SHB William Johnston 0-0: Ball
1-0: Ball
2-0: Foul Ball, location: 9LMF
2-1: Ball
3-1: Called Strike
3-2: Foul Ball, location: 7LSF
3-2: Foul Ball, location: 7LMF
3-2: SINGLE (Groundball, 34D, EV 97.5 MPH)
Batting: RHB José Núñez 0-0: Sac Bunt to 13 - play at first, batter OUT! 1-3
William Johnston to second
Batting: RHB Terry Humphrey 0-0: Swinging Strike
0-1: Ball
1-1: Ball
2-1: Called Strike
2-2: Ball
3-2: Foul Ball, location: 9LSF
3-2: Base on Balls
Batting: LHB Gary Thomasson 0-0: Foul Ball, location: 3F
0-1: Swinging Strike
0-2: Foul Ball, location: 7LDF
0-2: TRIPLE (Flyball, 89XD, EV 86.3 MPH)
William Johnston scores
Terry Humphrey scores
Batting: RHB Juan Ramírez 0-0: Ground out 1-3 (Groundball, 15S, EV 68.8 MPH)
Batting: RHB David Steele 0-0: Called Strike
0-1: Ball
1-1: SINGLE (Groundball, 34D, EV 108.8 MPH)
Gary Thomasson scores
Batting: RHB Daniel Butler 0-0: Ball
David Steele steals 2nd base
1-0: Foul Ball, location: 2LF
1-1: Ball
2-1: Called Strike
2-2: Strikes out swinging
Top of the 5th over - 3 runs, 3 hits, 0 errors, 1 left on base; Gray Summit 3 - Halifax 1
BOTTOM OF THE 5TH
Halifax Explosions batting - Pitching for Gray Summit Impact : RHP Don Stanhouse
Batting: LHB Joe Nolan 0-0: Called Strike
0-1: Ball
1-1: Ball
2-1: Foul Ball, location: 2F
2-2: Strikes out swinging
Batting: RHB Edolf de Vlaming 0-0: Ball
1-0: Swinging Strike
1-1: Foul Ball, location: 9LDF
1-2: Foul Ball, location: 5FF
1-2: Foul Ball, location: 9LMF
1-2: Ball
2-2: Strikes out looking
Batting: RHB Luis Melendez 0-0: Called Strike
0-1: Ground out 1-3 (Groundball, 34S, EV 69.4 MPH)
Bottom of the 5th over - 0 runs, 0 hits, 0 errors, 0 left on base; Gray Summit 3 - Halifax 1
TOP OF THE 6TH
Gray Summit Impact batting - Pitching for Halifax Explosions : RHP Wiley Thomas
Batting: LHB Chance Moore 0-0: Called Strike
0-1: Ball
1-1: Ball
2-1: Ball
3-1: Base on Balls
Batting: RHB Walt Cote 0-0: Ball
1-0: Ball
2-0: Foul Ball, location: 2F
2-1: 2-RUN HOME RUN (Flyball, 9D, EV 98.1 MPH), Distance : 375 ft
Pitching: LHP Josh Barton
Batting: SHB William Johnston 0-0: Ball
1-0: Called Strike
1-1: Foul Ball, location: 2F
1-2: Strikes out swinging
Batting: RHB José Núñez 0-0: SINGLE (Groundball, 6M, EV 79.4 MPH) (infield hit)
Batting: RHB Terry Humphrey 0-0: Ground out 4-3 (Groundball, 4, EV 85.6 MPH)
José Núñez to second
Batting: LHB Gary Thomasson 0-0: Ball
1-0: Ball
2-0: Ball
3-0: Base on Balls
Batting: RHB Juan Ramírez 0-0: Ball
1-0: Ground out 2-3 (Groundball, 15S, EV 64.4 MPH)
Top of the 6th over - 2 runs, 2 hits, 0 errors, 2 left on base; Gray Summit 5 - Halifax 1
BOTTOM OF THE 6TH
Halifax Explosions batting - Pitching for Gray Summit Impact : RHP Don Stanhouse
Batting: RHB Tim Foli 0-0: Ball
1-0: Ground out 6-3 (Groundball, 6, EV 85.6 MPH)
Batting: SHB Dan Camp 0-0: Called Strike
0-1: Ball
1-1: Ground out U3 (Groundball, 3D, EV 103.8 MPH)
Batting: RHB Edison Barton 0-0: Ball
1-0: Swinging Strike
1-1: Swinging Strike
1-2: Ball
2-2: Ball
3-2: Base on Balls
Batting: SHB Vicente Vélez 0-0: Ball
1-0: Ball
2-0: SINGLE (Groundball, 34S, EV 76.9 MPH) (infield hit)
Edison Barton to second
Batting: RHB Tim McGuire 0-0: Foul Ball, location: 2F
0-1: Called Strike
0-2: Ball
1-2: Foul Ball, location: 2F
1-2: Strikes out swinging
Bottom of the 6th over - 0 runs, 1 hit, 0 errors, 2 left on base; Gray Summit 5 - Halifax 1
TOP OF THE 7TH
Gray Summit Impact batting - Pitching for Halifax Explosions : LHP Josh Barton
Batting: RHB David Steele 0-0: Fly out, F8 (Line Drive, 8LM, EV 93.1 MPH)
Batting: RHB Daniel Butler 0-0: Called Strike
0-1: SINGLE (Flyball, 9S, EV 89.4 MPH)
Batting: LHB Chance Moore 0-0: Swinging Strike
0-1: Ball
1-1: Ball
2-1: Fly out, F8 (Flyball, 8RS, EV 92.5 MPH)
Batting: RHB Walt Cote 0-0: Foul Ball, location: 7LMF
0-1: Ball
1-1: Ball
2-1: Ball
3-1: DOUBLE (Flyball, 78D, EV 97.5 MPH)
Daniel Butler to third
Runner from 3rd tries for Home, SAFE, throw by CF to home
Batting: SHB William Johnston 0-0: Ball
1-0: Ball
2-0: Swinging Strike
2-1: Foul Ball, location: 23F
2-2: Strikes out swinging
Top of the 7th over - 1 run, 2 hits, 0 errors, 1 left on base; Gray Summit 6 - Halifax 1
BOTTOM OF THE 7TH
Halifax Explosions batting - Pitching for Gray Summit Impact : RHP Don Stanhouse
Batting: RHB Larvell Blanks 0-0: Ball
1-0: Fly out, F8 (Line Drive, 8RM, EV 98.1 MPH)
Batting: LHB Joe Nolan 0-0: Called Strike
0-1: Ball
1-1: Swinging Strike
1-2: Ball
2-2: Strikes out swinging
Batting: RHB Edolf de Vlaming 0-0: Fly out, F9 (Flyball, 89M, EV 93.1 MPH)
Bottom of the 7th over - 0 runs, 0 hits, 0 errors, 0 left on base; Gray Summit 6 - Halifax 1
TOP OF THE 8TH
Gray Summit Impact batting - Pitching for Halifax Explosions : LHP Josh Barton
Batting: RHB José Núñez 0-0: Ball
1-0: Ball
2-0: Called Strike
2-1: Fly out, F8 (Line Drive, 8RM, EV 83.8 MPH)
Batting: RHB Terry Humphrey 0-0: Called Strike
0-1: Ball
1-1: Ball
2-1: Foul Ball, location: 9LSF
2-2: Ball
3-2: Strikes out looking
Batting: LHB Gary Thomasson 0-0: Ball
1-0: Called Strike
1-1: Ball
2-1: Ground out 3-1 (Groundball, 13, EV 87.5 MPH)
Top of the 8th over - 0 runs, 0 hits, 0 errors, 0 left on base; Gray Summit 6 - Halifax 1
BOTTOM OF THE 8TH
Halifax Explosions batting - Pitching for Gray Summit Impact : RHP Don Stanhouse
Pitching: RHP António Cordero
Batting: RHB Luis Melendez 0-0: Called Strike
0-1: Ball
1-1: Called Strike
1-2: Strikes out swinging
Batting: RHB Tim Foli 0-0: Ball
1-0: Ball
2-0: Ball
3-0: Called Strike
3-1: Called Strike
3-2: Ground out 6-3 (Groundball, 6, EV 80.0 MPH)
Batting: SHB Dan Camp 0-0: Fly out, F8 (Flyball, 8RD, EV 100.6 MPH)
Bottom of the 8th over - 0 runs, 0 hits, 0 errors, 0 left on base; Gray Summit 6 - Halifax 1
TOP OF THE 9TH
Gray Summit Impact batting - Pitching for Halifax Explosions : LHP Josh Barton
Batting: RHB Juan Ramírez 0-0: Called Strike
0-1: Fly out, F4 (Popup, 4M, EV 66.3 MPH)
Batting: RHB David Steele 0-0: Foul Ball, location: 9LSF
0-1: Ball
1-1: Ball
2-1: Ball
3-1: Ground out 4-3 (Groundball, 34D, EV 99.4 MPH)
Batting: RHB Daniel Butler 0-0: Called Strike
0-1: Called Strike
0-2: Ball
1-2: Ball
2-2: Strikes out swinging
Top of the 9th over - 0 runs, 0 hits, 0 errors, 0 left on base; Gray Summit 6 - Halifax 1
BOTTOM OF THE 9TH
Halifax Explosions batting - Pitching for Gray Summit Impact : RHP António Cordero
Batting: RHB Edison Barton 0-0: Called Strike
0-1: Foul Ball, location: 7LSFF
0-2: SINGLE (Groundball, 56D, EV 98.8 MPH)
Batting: SHB Vicente Vélez 0-0: Ball
1-0: Ball
2-0: Called Strike
2-1: Ball
3-1: Base on Balls
Edison Barton to second
Batting: RHB Tim McGuire 0-0: Ball
1-0: Ball
2-0: Ball
3-0: Called Strike
3-1: Grounds into double play, 6-4-3 (Groundball, 6, EV 106.3 MPH)
Edison Barton to third
Batting: RHB Larvell Blanks 0-0: Ball
1-0: Ball
2-0: Swinging Strike
2-1: Ground out 4-3 (Groundball, 4, EV 96.3 MPH)
Bottom of the 9th over - 0 runs, 1 hit, 0 errors, 1 left on base; Gray Summit 6 - Halifax 1
Friday, February 23rd , 2024 - OOTP Baseball 24.8 Build 75